[Event "Emerald City Open"]
[Site "Chess.com"]
[Date "2020.06.21"]
[Round "4"]
[White "Lenderman, Aleksandr"]
[Black "Bagchi, Sounack"]
[Result "1-0"]
[ECO "A70"]
[WhiteElo "2717"]
[BlackElo "1995"]
[Annotator "Aleksandr Lenderman"]
[PlyCount "79"]
[EventDate "2020.??.??"]
[SourceVersionDate "2020.06.27"]
[TimeControl "5400+10"]

{After a tough loss against Raptis, I ended up being paired against another
one of my students, Sounak Bagchi, who I think is under-rated at 2000. I
wanted to play something interesting, so I decided to play into his Benoni,
which he plays quite well.} 1. d4 Nf6 2. c4 c5 3. d5 e6 4. Nc3 exd5 5. cxd5 d6
6. e4 g6 7. h3 Bg7 8. Nf3 O-O 9. Bd3 Re8 (9... b5 {This is the main line here
which leads to sharp complications.}) 10. O-O Na6 11. Re1 Nc7 12. a4 b6 13. Bf4
Ba6 14. Bb5 {Not best.} (14. Bxa6 Nxa6 15. Nd2 {Is a stable advantage for
white.}) (14. Bg3 {This mysterious computer move is apparently best. It is
very hard for black to actually play a move, and it seems like e5 might come
soon.} Nh5 (14... Qd7 15. e5) 15. Bh2) (14. e5 dxe5) 14... Bxb5 15. axb5 Nh5 $5
{I didn't even see this move somehow but it turned out that white has lots of
compensation here for the pawn.} (15... a6 16. bxa6 Rxa6 17. Rxa6 Nxa6 18. Nd2
Bf8 {Might be more stodgy for black.}) 16. Bh2 Bxc3 17. bxc3 Nxb5 18. c4 Nc7
19. e5 dxe5 20. Nxe5 {White is actually winning here. I have very powerful
pieces, a potential attack on the king, and black's knights are very clumsy.}
Ng7 21. Qf3 Nf5 22. g4 Nd6 23. Qf4 {Maybe not the most precise since this
allows Rxe5 where black holds for some time. I was trying to make Nc6 first
work but I couldn't quite calculate it until the end.} (23. Nc6 Qd7 24. Qf4
Rxe1+ 25. Rxe1 Re8 (25... Nce8 26. Re7 Qc8 27. Ne5 $18) 26. Ra1 $18) 23... Rxe5
24. Rxe5 a5 25. Rae1 $5 {Commital but good. I abandon the a-pawn but my attack
on the king will be stronger.} a4 26. Re7 Nce8 27. Qe5 a3 28. Bf4 a2 29. Qa1 {
I calculated until here and thought that I should have winning threats on his
king, and for now black cannot utilize his passer.} Qc8 30. Bh6 f6 31. Kh2 {
Just getting out of the way of some checks.} Ra3 32. R1e6 Qa8 33. Rxd6 (33. Qe1
{Was a quicker mate.} a1=Q 34. Rxe8+) 33... Nxd6 34. Rg7+ (34. Qe1 {Somehow I
was blind and I didn't see Qe1 earlier in the game. However, I was always
still winning.}) 34... Kh8 35. Rf7 (35. Qxf6 $4 a1=Q {Would be a tough way to
lose, since now the queen from a1 controls the g7 square.}) 35... Ne4 36. Rxf6
(36. Rf8+ {Would be less precise since black can still struggle on here down a
queen.} Qxf8 37. Bxf8 Kg8) 36... Nc3 37. Rf8+ Qxf8 38. Bxf8 {Now his king is
also terminally weak.} Kg8 (38... Rb3 39. Bh6) 39. Bh6 Rb3 40. Qe1 {AlexanderL
won by resignation. Unstoppable mate. My student fought very strong, but
unfortunately for him, the position I got out of the opening was too strong
for me.} 1-0

[Event "Emerald City Open"]
[Site "Chess.com"]
[Date "2020.06.21"]
[Round "5"]
[White "Lenderman, Aleksandr"]
[Black "Mahajan, Rushaan"]
[Result "1-0"]
[ECO "E38"]
[WhiteElo "2717"]
[BlackElo "2208"]
[Annotator "Aleksandr Lenderman"]
[PlyCount "49"]
[EventDate "2020.??.??"]
[SourceVersionDate "2020.06.27"]
[TimeControl "5400+10"]

{This is my last round game against young master Rushaan Mahajan, who is also
organizing good online events, in which I have also played twice. I was very
happy to be given white in the last round.} 1. d4 Nf6 2. c4 e6 3. Nc3 Bb4 4.
Qc2 {I played this line because I saw that he consistently plays the line he
played against me, where I really believe in white's chances. My opponent told
me he was surpised by it. I have played it here and there between 2015-2019
but lately most games I've played with 1)Nf3, so I knew that this can come as
a surprise for Rushaan as well.} c5 (4... O-O 5. Nf3 c5 6. dxc5 Na6 {This line
with Na6 is more common for black when white already committed Nf3.}) 5. dxc5
Na6 (5... O-O) (5... Bxc5) 6. a3 Bxc3+ 7. Qxc3 Nxc5 8. f3 {This is Jan
Gustafsson's recommendation from his chess24 video series on the Qc2 nimzo
indian.} (8. b4 Nce4 9. Qd4 d5 10. c5 b6 11. f3 bxc5 12. bxc5 Qa5+ 13. Qb4 Qc7
14. fxe4 Rb8 {Is the complicated mess that black is perhaps hoping for playing
this line.}) 8... a5 $6 {Too slow. Black needs to develop here.} (8... d6 9. e4
e5 (9... O-O 10. Be3 Bd7 11. Nh3 $14 {White is slightly better here but black
is not without counterplay.})) 9. e4 d6 (9... a4 10. Bf4 Qa5 11. Qxa5 Rxa5 12.
Rd1 $16) 10. Be3 Qb6 $6 {Probably not the best idea to step into a pin.} (10...
Qc7) 11. Rd1 O-O 12. b4 $6 {This wins a pawn but it's too risky since my
kingside is undeveloped. I fell into a materialistic trap.} (12. Qd2 Rd8 (12...
Nfd7 13. Ne2 $16 {Would simply lead to a huge advantage for white.}) 13. e5 $18
) 12... axb4 13. axb4 Na4 14. Qd2 Qc7 15. Qxd6 Qxd6 16. Rxd6 Nc3 $6 {This
looks logical and it's a move I expected, but black misses an incredible
opportunity here, which I also did not see coming.} (16... Nb2 $3 {Somehow
this move disturbs my harmony and doesn't let me develop my pieces very easily.
It's quite complicated still but possibly, black has full counterplay.} 17. Bd4
Ra1+ 18. Kf2 Rb1 {is one sample line where it is actually not easy for me to
complete my development.}) 17. Bd3 {looks so natural but surprisingly this
might also be an inaccuracy.} (17. Ne2 $1 {This would be quite good to offer a
knight trade, trading off his best piece and also preparing to block Ra1+ with
Nc1.} Ra1+ 18. Nc1 e5 19. Bd2 Na2 20. Kd1 Bd7 21. Kc2 Nxc1 22. Bxc1 Rfa8 23.
Bd3 $16 {Here white consolidates his extra pawn and two bishop advantage.})
17... Ra1+ $6 {The most direct move, but this line I calculated and probably
white is just winning now.} (17... e5 $1 {Development is key here, black
needed to get his bishop out to a good square. Now was the last good time to
do it.} 18. Kd2 Na2 $1 19. Bc5 Nd7 $1 {And even though white has an advantage,
black is still alive and kicking.}) 18. Kd2 Na4 19. Bd4 Ra2+ 20. Bc2 (20. Ke3
Rxg2 21. Ne2 {Was stronger, since Rxg2 doesn't work as the knight on a4 gets
stranded.}) 20... b6 $6 {This loses without a fight.} (20... Nd7 21. Ne2 e5 22.
Ra1 Nab6 $1 23. Rxa2 Nxc4+ 24. Ke1 Nxd6 25. Bf2 $16 {White is much better here
but black can still fight on.}) 21. Ne2 Bb7 22. Ra1 $1 {Simple and strong.
Trading off his most active piece and avoiding any Bxe4 and Nxe4 tricks.} Nb2
23. Bxb2 Rxb2 24. Kc3 Ne8 25. Rxb6 {AlexanderL won by resignation Not a
perfect game by me but I was happy to finish the tournament on a good note and
even somehow get into 2nd place mix after a very tough round 3 loss.} 1-0

[Event "Emerald City Open"]
[Site "chess.com"]
[Date "2020.06.21"]
[Round "5"]
[White "Wang, Ze (Tony)"]
[Black "Vijayakunar, Advaith"]
[Result "1-0"]
[ECO "B21"]
[WhiteElo "2135"]
[BlackElo "2026"]
[Annotator "Ze Wang"]
[PlyCount "89"]
[EventDate "6.??.??"]
[SourceVersionDate "2020.06.27"]
[TimeControl "90+10"]
[WhiteClock "1:37:10"]

{This is the fifth round of Emerald City Open. I am white and use my good
knight to clinch the victory.} 1. e4 c5 2. f4 Nc6 3. Nf3 g6 4.
Bb5 Bg7 5. O-O {There are two options in this move. Bc6 and 0-0 are both good
choices.} Nd4 6. Nxd4 cxd4 7. d3 a6 8. Bc4 d6 9. Nd2 {At this point, I thought
for 10 minutes. I was wondering if I should push f5 at this point. I thought
it premature. But it turns out it is a good move to create some problems in
the kingside and also free my bishop at c1.} Nf6 10. Nf3 O-O 11. Qe1 b5 {
My opponent might consider d5 instead because it can break my center pawn. But
b5 is a definitely okay move.} 12. Bb3 Nd7 13. Qh4 {At this moment, I take
large amounts of time to think. Maybe 13. f5 is a better choice. After 13. ....
Nc5, I still have the option to play Bd5. I have a clear space advantage and
ready to attack.} e6 14. Qg3 {A clear bad move. I just waste a tempo and let
black to play an important move e6. Nc5 is already a big threat for me. My
light-squared bishop is in a danger. The best choice should be simply trading
my queen and look for a small edge in the endgame.} Nc5 15. f5 {The only
attacking move now. Since e6 and g6 provides protect to f5 square, it cannot
be very useful. But it frees my c1 Bishop to join kingside attack.} Nxb3 16.
axb3 exf5 17. exf5 Bxf5 18. Bf4 d5 {18.... d5 is a really bad move for my
opponent. Since it gives me the chances to get d4 pawn. d4 pawn is much more
important than d6. Therefore, Re8 prepare all the pieces out can be a much
better choice to try.} 19. Be5 Qd7 {Another dubious move and positional
mistake. Since black's pawn are all in light squares. Dark-squared bishop can
be extremely valuable to defense. I think f6 avoid the exchange is the best
choice.} 20. Bxg7 Kxg7 21. Nxd4 {Good Knight vs. Bad bishop. I am very close
to winning this position. It only needs patience.} Be6 22. b4 {A good
positional move. Lock Black's pawn structure and create permanent weakness on
a6} Rfc8 23. Qe5+ Kg8 24. c3 Re8 25. Qf4 f5 26. Ra5 Bf7 27. Rfa1 Qb7 28. h3 {
In this position, Black's pieces are all locked down. White is the only one
who can attack and it is good to play some quiet moves for avoid checks in
future attack.} Red8 29. Qg5 Qb6 30. Kh1 Kh8 31. Qf4 Re8 32. Nxb5 {Final
attack starts. White is winning.} Qe3 33. Qxe3 {Trade the queen can secure the
victory.} Rxe3 34. Rxa6 Rxa6 35. Rxa6 Rxd3 {d4 should be the best attempt to
free the bishop. I underestimate the power of this bishop. After d4 Nd4 Bd5,
g2 pawn is a little vulnerable.} 36. Nd4 Rd2 37. b3 Kg7 38. b5 Rd1+ 39. Kh2 Re1
40. b6 Re8 41. b7 Rb8 42. Rb6 Be8 43. Ne6+ Kf7 44. Nc5 d4 45. cxd4 {1-0 White
wins. The knight on d4 shows the dominant power who helps white to gain the
victory.} 1-0

[Event "Emerald City Open"]
[Site "Chess.com"]
[Date "2020.06.20"]
[Round "3"]
[White "Goktepe, Derin"]
[Black "Mahajan, Rushaan"]
[Result "0-1"]
[ECO "A40"]
[WhiteElo "1930"]
[BlackElo "2208"]
[Annotator "Rushaan Mahajan"]
[PlyCount "122"]
[EventDate "2020.??.??"]
[SourceVersionDate "2020.06.27"]
[TimeControl "5400+10"]
[WhiteClock "0:51:56"]
[BlackClock "0:06:49"]

{Brief Background: In this game I (Rushaan) was playing against the rising
Washington Talent Derin Goktepe. I have played Derin several times and he has
been a strong opponent who has been getting better at a rapid pace. Coming in
to the game I had 2/2, this was a crucial game for me to stay atop the
standings.} 1. d4 e6 2. c4 b6 3. Nc3 Bb7 4. Nf3 Bb4 5. e3 Bxc3+ {[%emt 0:01:
37] In this position I rushed to take the knight on c3 because I felt like
ruining his pawn structure was more important than having the bishop pair.} 6.
bxc3 d6 7. Bd3 Nd7 8. O-O Ngf6 9. Bb2 O-O 10. Qc2 Re8 11. e4 e5 {[%emt 0:00:24] This type of position is very common and
usually seen as about equal but I like playing it as white has some positional
problems.} 12. Rfe1 Nf8 13. Bc1 Ng6 14. h3 Qe7 15. Nh2 Bc8 {[%emt 0:07:22] Here is where the attack starts. I line
up all my pieces to land a vicious attack on the the white's kingside.} 16. Nf1 Nh5 {[%emt 0:00:29] This is an important idea to bring the
knight to the crticial f4 square.} 17. Ne3 Ngf4 18. Nd5 Qg5 19. Nxf4 {[%emt 0:01:07]
This was a critical moment here and after some thought I took with the pawn as
I thought practically the attack would be extremely hard to stop.} exf4 20. Kh2 {[%emt 0:01:31] If many of you have gone through
complicated positions you know sometimes the computer gives you 0.00 "triple
zeros" which is funny as this is a really interesting position.} Re6 21. e5 Rh6 22. exd6 Bxh3 23. gxh3 Nf6 {[%emt 0:00:09] In this
position I was super confident as I had calculated for about 15 min and saw
everything looked winning. Believe it or not this position is losing after the
amazing recource of 24. Bf5.} 24. Bxf4 {[%emt 0:06:46] This is a blunder.
Better was to play 24. Bf5 and the bishop does a great job of defending the
kingside.} (24. Rg1 Rxh3+ 25. Kxh3 Qxg1 {With a deadly mating threat of Qhl#})
24... Qxf4+ 25. Kg1 Rxh3 26.
Be4 Nxe4 27. Qxe4 Qxe4 28. Rxe4 {[%emt 0:00:06] After having big hopes of a crushing
position it fizzled out into a practically winning rook endgame for me.} cxd6 29. Rae1 g6 30. c5 bxc5 31. dxc5 dxc5 32. Rc4 {[%emt 0:00:06] This is a great recource by my opponent as now it is
very unclear and white has a chance to hold and make a draw} Rh5 33. Re7 Rf5 34. Rc7 Rb8 35. R7xc5 Rxc5 36. Rxc5 Rb6 37. Ra5 a6 38. Kg2 Rc6 39. Kf1 Kg7 40. Ke2 Kf6 41. Kd3 Ke6 42. c4 h5 43. Kd4 f6 44. Ra3 {[%emt 0:00:32] This
position is unclear but blacks plan for victory is to sacrifice the rook for
the c-pawn and use the majority on the kingside along with the king to promote
one of the pawns.} g5 45. Re3+ Kf5 46. Kd5 Rc8 47. Rf3+ Kg6 48. c5 g4 49. Rg3 Kg5 50. Kd6 h4 51. Rg1 f5 52. c6 f4 53. Kd7 Ra8 54. c7 h3 55. c8=Q Rxc8 56.
Kxc8 h2 57. Rc1 {[%emt 0:00:08] This
position might look like white is winning because of the extra rook but the
white king is far away and the pawns are connected causing them to outlast the
rook} g3 58. fxg3 fxg3 59.
Rc5+ Kf4 60. Rc4+ Ke5 61. Rc5+ Kd4 {After a long fighting game I
was able to finish victorious. After this game I was able to advance to 3/3 in
a tie for first place. In the next game I would play IM David Shahinyan from
Armenia. (I drew against IM David Shahinyan) :)} 0-1

[Event "Emerald City Open (Reserve)"]
[Site "Chess.com"]
[Date "2020.06.20"]
[Round "3"]
[White "Tessiore, Luca"]
[Black "Li, David"]
[Result "1-0"]
[ECO "D32"]
[WhiteElo "1135"]
[BlackElo "1344"]
[Annotator "Luca Tessiore"]
[PlyCount "51"]
[EventDate "2020.06.21"]
[EventType "swiss"]
[EventRounds "5"]
[SourceVersionDate "2020.06.27"]
[TimeControl "5400+10"]
[WhiteClock "1:18:02"]
[BlackClock "1:19:01"]

1. d4 d5 2. c4 {[%emt 0:00:04] [A Queens
Gambit is on the baord.]} e6 3. Nf3 c5 {
[%emt 0:00:02] [The Tarrasch defense.]} 4. Nc3 Nc6 {[%emt 0:
00:23] [Better was cxd4.]} 5. cxd5 exd5 6.
dxc5 d4 7. Na4 {[%emt 0:01:03] [If Ne4, then
Nf6 would force a trade and the position would be in black's favor. Na4
protects the pawn and seeks to win the bishop pair.]} Bxc5 8.
Nxc5 {[%emt 0:00:15] [Now white has the bishop pair and a comfortable position.
]} Qa5+ 9. Bd2 Qxc5 10. Rc1 Qb6 11. b3 {[%emt 0:00:52] [This move is an
innacuracy but it had the idea of fianchettoing the bishop on d2.]} Nf6 12. e3 dxe3 {[%emt 0:00:13] [Better was 0-0.]}
13. Bxe3 Qb4+ 14. Bd2 Qe7+ 15. Be2 O-O 16. O-O Bd7 17. Re1 {[%emt 0:00:25] [Preparing a discovery.]}
Rfe8 {[%emt 0:00:11] [Better was Bf5]} 18. Ba6 Be6 19. Bb5 {[%emt 0:00:24] [Pin the knight.]} Rac8 20.
Bc3 Nd5 {[%emt 0:04:55] [Better was a6.]} 21. Bb2 {[%emt 0:00:
27] [Keep the bishop pair.]} Qd6 {[%emt 0:02:48] [This is a serious mistake
because the knight on d5 is pinned and cannot defend h7 from the threat of Ng5.
]} 22. Ng5 a6 {[%emt 0:00:40] [This comes too late as now Qh5
threatens mate.]} 23. Qh5 h6 24. Rxe6 {
[%emt 0:00:55] [A brilliant move that wins a piece: capturing is simply fatal.]
} Rxe6 {[%emt 0:00:00] [Better was Qf8, but black is down a piece and losing
anyway.]} 25. Qxf7+ Kh8 26. Bxg7# {[%emt 0:
00:06] [The final blow delivered with the dark square bishop the king is at
it's demise.]} 1-0